 Dungeon Crawl Stone Soup version 0.30.1-4-g462c640d31 (webtiles) character file.

Game seed: 8857211019647652200

58762 jtron the Thrower (level 14, -8/110 HPs)
             Began as a Gnoll Wanderer on Aug 11, 2023.
             Was a High Priest of Sif Muna.
             Mangled by a cane toad (shapeshifter) (19 damage)
             ... on level 13 of the Dungeon on Aug 13, 2023.
             The game lasted 01:53:25 (19879 turns).

jtron the Thrower (Gnoll Wanderer)                 Turns: 19879, Time: 01:53:26

Health: -8/110     AC: 12    Str:  8    XL:     14   Next: 92%
Magic:  5/28       EV: 22    Int: 19    God:    Sif Muna [*****.]
Gold:   1158       SH:  0    Dex: 16    Spells: 5/34 levels left

rFire   . . .        a - +9 scimitar (flame)
rCold   . . .        (no shield)
rNeg    . . .        b - +2 troll leather armour {Snorg}
rPois   .            G - +2 helmet {Int+3}
rElec   .            P - scarf {repulsion}
rCorr   .            c - +0 pair of gloves
SInv    .            p - +0 pair of boots
Will    +....        l - amulet of regeneration
Stlth   ++++         m - +5 ring of evasion
HPRegen 1.98/turn    h - ring of flight
MPRegen 0.21/turn

%: repel missiles
@: flying
A: fangs 1, strong nose, distributed training, deformed body, wild magic 1
a: Renounce Religion, Channel Magic, Forget Spell, Divine Exegesis


You were on level 13 of the Dungeon.
You worshipped Sif Muna.
Sif Muna was extremely pleased with you.
You visited 4 branches of the dungeon, and saw 19 of its levels.
You also visited: Ossuary.

You collected 1514 gold pieces.
You spent 356 gold pieces at shops.

Inventory:

Hand Weapons
 a - a +9 scimitar of flaming (weapon)
 q - a +3 dagger of speed
 K - a +2 dagger of holy wrath
 M - the +5 Force Lance {heavy, knockback}
   (You found it on level 8 of the Dungeon)
Missiles
 d - a silver boomerang
 u - 37 poisoned darts (quivered)
 D - 3 throwing nets
 Q - 4 datura-tipped darts
 T - 2 curare-tipped darts
 U - 16 boomerangs
Armour
 b - a +2 troll leather armour (worn) {Snorg}
 c - a +0 pair of gloves (worn)
 p - a +0 pair of boots (worn)
 G - a +2 helmet of intelligence (worn)
 P - a scarf of repulsion (worn)
Jewellery
 h - a ring of flight (right hand)
 l - an amulet of regeneration (around neck)
 m - a +5 ring of evasion (left hand)
Wands
 x - a wand of roots (19)
 F - a wand of polymorph (24)
 I - a wand of flame (21)
 X - a wand of charming (4)
Scrolls
 g - a scroll of poison
 j - 2 scrolls of identify
 C - a scroll of fear
 L - 5 scrolls of fog
Potions
 e - 2 potions of berserk rage
 f - 2 potions of resistance
 k - a potion of brilliance
 r - 2 potions of haste
 z - 2 potions of cancellation
 A - a potion of magic
 B - 5 potions of flight
 E - a potion of attraction
 N - 4 potions of curing
 R - 2 potions of invisibility
 S - a potion of ambrosia
Miscellaneous
 H - a piece from Xom's chessboard (15/15)


   Skills:
 + Level 10.0 Fighting
 + Level 9.7 Short Blades
 + Level 9.7 Long Blades
 + Level 9.7 Axes
 + Level 9.7 Maces & Flails
 + Level 9.7 Polearms
 + Level 9.7 Staves
 + Level 9.7 Ranged Weapons
 + Level 11.6 Throwing
 + Level 10.0 Armour
 + Level 10.7 Dodging
 + Level 9.7 Stealth
 + Level 9.7 Shields
 + Level 9.7 Unarmed Combat
 + Level 10.9 Spellcasting
 + Level 8.1 Conjurations
 + Level 8.1 Hexes
 + Level 8.1 Summonings
 + Level 8.1 Necromancy
 + Level 8.1 Translocations
 + Level 8.1 Transmutations
 + Level 8.1 Fire Magic
 + Level 8.1 Ice Magic
 + Level 8.1 Air Magic
 + Level 8.1 Earth Magic
 + Level 8.4 Poison Magic
 + Level 10.5 Invocations
 + Level 9.7 Evocations


You had 5 spell levels left.
You knew the following spells:

 Your Spells              Type           Power      Damage    Failure   Level
a - Sting                 Tmut/Pois      100%       1d8       1%          1
b - Scorch                Fire           100%       2d9       1%          2
c - Mephitic Cloud        Conj/Pois/Air  52%        N/A       1%          3
d - Call Canine Familiar  Summ           52%        N/A       1%          3
e - Tukima's Dance        Hex            52%        N/A       1%          3
f - Summon Ice Beast      Ice/Summ       52%        N/A       5%          4
g - Necrotise             Necr           100%       1d9       1%          1
i - Ignite Poison         Fire/Tmut/Pois 52%        N/A       1%          3
r - Frozen Ramparts       Ice            100%       1d16      1%          3
s - Stone Arrow           Conj/Erth      100%       3d13      1%          3
v - Vampiric Draining     Necr           52%        2d9       1%          3

Your spell library contained the following spells:

 Spells                   Type           Power      Damage    Failure   Level
 Magic Dart               Conj           100%       1d8       1%          1
 Sandblast                Erth           100%       2d20      1%          1
 Shock                    Conj/Air       100%       1d9       1%          1
 Summon Small Mammal      Summ           100%       N/A       1%          1
 Passwall                 Tmut/Erth      43%        N/A       1%          2
 Searing Ray              Conj           100%       2d8       1%          2
 Portal Projectile        Hex/Tloc       100%       N/A       1%          3
 Spider Form              Tmut/Pois      53%        N/A       1%          3
 Summon Guardian Golem    Hex/Summ       52%        N/A       1%          3
 Swiftness                Air            52%        N/A       1%          3
 Airstrike                Air            26%        2d(4-20)  5%          4
 Cause Fear               Hex            26%        N/A       5%          4
 Flame Wave               Conj/Fire      52%        2d13      5%          4
 Fulminant Prism          Conj/Hex       26%        3d14      5%          4
 Ice Form                 Ice/Tmut       52%        N/A       5%          4
 Iskenderun's Mystic Bla  Conj/Tloc      52%        2d11      5%          4
 Passage of Golubria      Tloc           52%        N/A       5%          4
 Petrify                  Tmut/Erth      52%        N/A       5%          4
 Agony                    Necr           52%        N/A       13%         5
 Alistair's Intoxication  Tmut/Pois      35%        N/A       13%         5
 Blade Hands              Tmut           26%        N/A       13%         5
 Metabolic Englaciation   Hex/Ice        26%        N/A       13%         5
 Summon Forest            Summ/Tloc      26%        N/A       13%         5
 Summon Mana Viper        Hex/Summ       52%        N/A       13%         5
 Yara's Violent Unravell  Hex/Tmut       26%        3d11      13%         5
 Statue Form              Tmut/Erth      34%        N/A       52%         6
 Summon Cactus Giant      Summ           26%        N/A       52%         6
 Dragon Form              Tmut           26%        N/A       97%         7
 Monstrous Menagerie      Summ           26%        N/A       97%         7
 Dragon's Call            Summ           26%        N/A       100%        9


Dungeon Overview and Level Annotations

Branches:
Dungeon (13/15)            Temple (0/1) D:7            Lair (3/5) D:8
    Orc (2/2) D:12            Elf (1/3) Orc:2        Vaults (0/5) D:13
Ossuary (visited)
  Swamp: Lair:2-3    Shoals: Lair:2-3     Snake: Lair:2-3    Spider: Lair:2-3

Altars:
Gozag
Hepliaklqana
Nemelex Xobeh
Sif Muna
Uskayaw

Shops:
D:12 *   D:13 [   Orc:1 (   Orc:2 (?((

Annotations:
Elf:1 Agnes


Innate Abilities, Weirdness & Mutations

You have very sharp teeth.
Your uncanny sense of smell can sniff out nearby items.
Your experience applies equally to all skills.
Armour fits poorly on your strangely shaped body.
Your spells are a little harder to cast, but a little more powerful.


Message History

* * * LOW HITPOINT WARNING * * *
The cyan ugly thing barely misses you.
Unknown command.
You feel much better.
Your warg bites the white ugly thing.
The cane toad completely misses you.
Your ice beast hits the white ugly thing but does no damage.
The white ugly thing closely misses you.
The cyan ugly thing kicks you. The cyan ugly thing shocks you!
The boulder beetle leaps!
Your warg bites the white ugly thing!
Casting: Call Canine Familiar (safe; 1% risk of failure)
Confirm with . or Enter, or press ? or * to list all spells.
Aiming: Vampiric Draining (safe; 1% risk of failure)
Press: ? - help, Shift-Dir - straight line, f - white ugly thing
Aim: a white ugly thing (moderately wounded, ally target)
You draw life force from the white ugly thing.
You feel life coursing into your body. The cane toad stings you!
* * * LOW HITPOINT WARNING * * *
Your ice beast completely misses the white ugly thing.
The white ugly thing misses you.
Your warg barely misses the white ugly thing.
The cyan ugly thing kicks you!
* * * LOW HITPOINT WARNING * * *
The cyan ugly thing shocks you!
* * * LOW HITPOINT WARNING * * *
The boulder beetle curls into a ball and begins rolling!
The cane toad completely misses you.
Casting: Vampiric Draining (safe; 1% risk of failure)
Confirm with . or Enter, or press ? or * to list all spells.
Aiming: Vampiric Draining (safe; 1% risk of failure)
Press: ? - help, Shift-Dir - straight line, f/p - white ugly thing
Aim: a white ugly thing (heavily wounded, ally target)
You draw life force from the white ugly thing!
You feel life coursing into your body.
Your ice beast hits the white ugly thing.
Your ice beast freezes the white ugly thing.
The white ugly thing resists.
Your warg barely misses the white ugly thing.
The white ugly thing closely misses you.
The cane toad stings you!!
You die...

##+#####...######...##.S.#
#. ##≈.#
#.)##....##.###..## ##
#≈≈.#####.##......##....##
+..∩..'...#........#....#
###.≈≈#####........#.#..#∆.
#.#.≈## #...)....#....#...
..#'##
#......h........(.... #...#
##.....uY............ #.###
##...@F†............ #.#
#########.u..........###
#.# #...[.(......†.?.......
#.#
#.####..................∆
#.# #.# ##.................
#.# #.# #....B......... #.#
#.# ###............ #.# #.#
#............... #.# #.#
#................


You could see a boulder beetle (rolling), 2 ugly things, a cane toad shaped
shifter, a friendly warg (summoned) and a friendly ice beast (summoned).

Vanquished Creatures
  Azrael (Orc:1)
  Snorg (D:11)
  An ettin (Orc:2)
  Josephine (D:11)
  Harold (D:10)
  3 hydras
  2 centaur warriors
  4 two-headed ogres
  Erica (D:10)
  2 boulder beetles
  4 orc high priests
  Urug (D:10)
  A shadow wraith (D:13)
  2 orc knights
  A necromancer (D:10)
  An orc sorcerer (Orc:1)
  A manticore (D:13)
  5 cyclopes
  2 ugly things (D:13)
  2 elephants (Lair:2)
  Maurice (D:11)
  2 black mambas
  Joseph (Lair:1)
  A torpor snail (Lair:2)
  2 cane toads (Lair:1)
  2 kobold demonologists (D:13)
  An unseen horror (D:11)
  A gargoyle (D:12)
  Maggie (D:6)
  2 komodo dragons
  An efreet (D:13)
  7 trolls
  A polar bear (shapeshifter) (D:13)
  A hornet (D:9)
  Prince Ribbit (D:6)
  3 slime creatures
  2 shadows (D:12)
  Sigmund (D:2)
  2 water elementals
  Eustachio (D:4)
  A wyvern (D:9)
  5 wraiths
  2 basilisks
  25 yaks
  A fire elemental (Orc:2)
  A redback (Lair:2)
  11 vampire mosquitoes
  Menkaure (D:4)
  2 wargs (Orc:2)
  Duvessa (D:6)
  2 acid dragons
  2 swamp worms (Lair:2)
  3 water moccasins
  2 hell hounds (Orc:2)
  3 ice beasts
  19 orc warriors
  2 sky beasts
  11 wolves
  6 centaurs
  6 ogres
  2 phantoms
  6 kobold brigands
  2 scorpions
  5 bullfrogs (Lair:2)
  2 gnoll sergeants
  4 wights (D:9)
  Dowan (D:6)
  8 killer bees
  2 electric eels (D:8)
  2 howler monkeys
  2 jellies
  4 hounds
  A lava snake (D:12)
  24 orc priests
  A gnoll bouda (D:8)
  A sleepcap (D:6)
  Terence (D:3)
  5 iguanas
  33 orc wizards
  3 polar bear simulacra (D:10)
  4 yak simulacra (D:10)
  2 wolf simulacra (D:10)
  6 ogre zombies (D:12)
  A mummy (D:4)
  9 gnolls
  8 adders
  A shadow imp (D:6)
  2 white imps
  2 ufetubi
  3 worms
  A dart slug (D:2)
  70 orcs
  5 endoplasms
  3 giant cockroaches
  6 goblins
  3 hobgoblins
  2 jackals (D:1)
  7 quokkas
  11 ball pythons
  4 bats
  7 frilled lizards
  2 goblin zombies
  A hobgoblin skeleton (D:12)
  20 kobolds
  A kobold zombie (D:4)
  3 orc skeletons (D:12)
  10 orc zombies (D:12)
  3 rats
  2 river rat simulacra (D:10)
485 creatures vanquished.

Vanquished Creatures (collateral kills)
  2 elephants (Lair:2)
  A fire elemental (Orc:1)
  A yak (Lair:2)
  A redback (Lair:2)
  A hell hound (Orc:2)
  A howler monkey (D:11)
  2 electric eels (D:8)
  A hound (D:8)
  An orc priest (D:7)
  An orc wizard (D:8)
  A gnoll (D:7)
  An orc (D:8)
  A goblin zombie (D:12)
  A hobgoblin skeleton (D:12)
  A hobgoblin zombie (D:12)
  2 kobolds
  An orc zombie (D:12)
20 creatures vanquished.

Vanquished Creatures (others)
  A dancing weapon (Orc:2)
  2 orcs (Orc:2)
3 creatures vanquished.

Grand Total: 508 creatures vanquished

Notes
Turn   | Place    | Note
-------+----------+-------------------------------------------
     0 | D:1      | jtron the Gnoll Wanderer began the quest for the Orb.
     0 | D:1      | jtron set off with the following items: a +2 dagger, a
                  | curare-tipped dart, a +0 pair of gloves, a scroll of
                  | blinking, a +0 robe; and the following spell memorised:
                  | Sting; and the following spells available to memorise:
                  | Mephitic Cloud.
     0 | D:1      | Reached XP level 1. HP: 17/17 MP: 6/6
    25 | D:1      | Found a faded altar of an unknown god.
   299 | D:1      | Reached XP level 2. HP: 23/23 MP: 7/7
   858 | D:2      | Reached skill level 5 in Spellcasting
   858 | D:2      | Reached XP level 3. HP: 28/28 MP: 7/9
   870 | D:2      | Learned a level 2 spell: Scorch
   874 | D:2      | Learned a level 3 spell: Mephitic Cloud
  1125 | D:2      | Noticed Sigmund
  1380 | D:2      | Killed Sigmund
  1381 | D:2      | Reached skill level 1 in Short Blades
  1381 | D:2      | Reached skill level 1 in Long Blades
  1381 | D:2      | Reached skill level 1 in Axes
  1381 | D:2      | Reached skill level 1 in Maces & Flails
  1381 | D:2      | Reached skill level 1 in Polearms
  1381 | D:2      | Reached skill level 1 in Staves
  1381 | D:2      | Reached skill level 1 in Ranged Weapons
  1381 | D:2      | Reached skill level 1 in Stealth
  1381 | D:2      | Reached skill level 1 in Shields
  1381 | D:2      | Reached skill level 1 in Unarmed Combat
  1381 | D:2      | Reached skill level 1 in Conjurations
  1381 | D:2      | Reached skill level 1 in Hexes
  1381 | D:2      | Reached skill level 1 in Summonings
  1381 | D:2      | Reached skill level 1 in Necromancy
  1381 | D:2      | Reached skill level 1 in Translocations
  1381 | D:2      | Reached skill level 1 in Transmutations
  1381 | D:2      | Reached skill level 1 in Fire Magic
  1381 | D:2      | Reached skill level 1 in Ice Magic
  1381 | D:2      | Reached skill level 1 in Air Magic
  1381 | D:2      | Reached skill level 1 in Earth Magic
  1381 | D:2      | Reached skill level 1 in Invocations
  1381 | D:2      | Reached skill level 1 in Evocations
  1381 | D:2      | Reached XP level 4. HP: 35/35 MP: 11/11
  1381 | D:2      | Reached XP level 5. HP: 41/41 MP: 12/12
  1780 | D:3      | Noticed Terence
  1805 | D:3      | Killed Terence
  1869 | D:3      | Reached XP level 6. HP: 47/47 MP: 9/13
  1995 | D:3      | Found a hazy altar of Hepliaklqana.
  1995 | D:3      | Found a shimmering blue altar of Sif Muna.
  2022 | D:3      | Became a worshipper of Sif Muna the Loreminder
  2230 | D:3      | Found a hide-covered altar of Uskayaw.
  2295 | D:3      | Reached skill level 5 in Dodging
  2442 | D:3      | Reached * piety under Sif Muna
  2831 | D:4      | Found a sand-covered staircase.
  2861 | Ossuary  | Entered an ossuary
  2861 | Ossuary  | Noticed a wraith
  2861 | Ossuary  | Noticed a wraith
  2861 | Ossuary  | Noticed a wraith
  2970 | D:4      | Noticed Menkaure
  2978 | D:4      | Killed Menkaure
  2979 | D:4      | Reached skill level 7 in Throwing
  2979 | D:4      | Reached XP level 7. HP: 52/52 MP: 15/15
  2981 | D:4      | Noticed Eustachio
  2993 | D:4      | Killed Eustachio
  3819 | D:5      | Entered Level 5 of the Dungeon
  3950 | D:5      | Reached ** piety under Sif Muna
  3959 | D:5      | Learned a level 3 spell: Call Canine Familiar
  4003 | D:5      | Reached XP level 8. HP: 60/60 MP: 16/16
  4980 | D:6      | Noticed Prince Ribbit
  4992 | D:6      | Killed Prince Ribbit
  4997 | D:6      | Learned a level 3 spell: Tukima's Dance
  5233 | D:6      | Noticed Dowan
  5237 | D:6      | Noticed Duvessa
  5246 | D:6      | Killed Dowan
  5264 | D:6      | Killed Duvessa
  5265 | D:6      | Reached XP level 9. HP: 67/67 MP: 2/18
  5775 | D:6      | Noticed Maggie
  5790 | D:6      | Reached skill level 5 in Fighting
  5790 | D:6      | Reached skill level 5 in Armour
  5803 | D:6      | Killed Maggie
  5818 | D:6      | Reached skill level 8 in Throwing
  6388 | D:7      | Reached skill level 5 in Invocations
  6412 | D:7      | Found a staircase to the Ecumenical Temple.
  7161 | D:8      | Noticed a troll
  7184 | D:8      | Killed a troll
  7234 | D:8      | Reached skill level 5 in Short Blades
  7234 | D:8      | Reached skill level 5 in Long Blades
  7234 | D:8      | Reached skill level 5 in Axes
  7234 | D:8      | Reached skill level 5 in Maces & Flails
  7234 | D:8      | Reached skill level 5 in Polearms
  7234 | D:8      | Reached skill level 5 in Staves
  7234 | D:8      | Reached skill level 5 in Ranged Weapons
  7234 | D:8      | Reached skill level 5 in Stealth
  7234 | D:8      | Reached skill level 5 in Shields
  7234 | D:8      | Reached skill level 5 in Unarmed Combat
  7234 | D:8      | Reached skill level 5 in Evocations
  7234 | D:8      | Reached XP level 10. HP: 64/76 MP: 20/20
  7312 | D:8      | Found the +5 Force Lance {heavy, knockback}
  7385 | D:8      | Reached *** piety under Sif Muna
  7709 | D:8      | You fall into a shaft and drop 3 floors!
  7715 | D:10     | Entered Level 10 of the Dungeon
  8064 | D:8      | Noticed a two-headed ogre
  8078 | D:8      | Killed a two-headed ogre
  8079 | D:8      | Reached skill level 5 in Poison Magic
  8445 | D:8      | Found a staircase to the Lair.
  8480 | D:8      | Reached **** piety under Sif Muna
  9087 | D:9      | Learned a level 3 spell: Stone Arrow
  9103 | D:9      | Learned a level 3 spell: Frozen Ramparts
  9153 | D:9      | Noticed a two-headed ogre
  9163 | D:9      | Killed a two-headed ogre
  9164 | D:9      | Reached skill level 9 in Throwing
  9164 | D:9      | Reached skill level 5 in Conjurations
  9164 | D:9      | Reached skill level 5 in Hexes
  9164 | D:9      | Reached skill level 5 in Summonings
  9164 | D:9      | Reached skill level 5 in Necromancy
  9164 | D:9      | Reached skill level 5 in Translocations
  9164 | D:9      | Reached skill level 5 in Transmutations
  9164 | D:9      | Reached skill level 5 in Fire Magic
  9164 | D:9      | Reached skill level 5 in Ice Magic
  9164 | D:9      | Reached skill level 5 in Air Magic
  9164 | D:9      | Reached skill level 5 in Earth Magic
  9164 | D:9      | Reached XP level 11. HP: 45/83 MP: 13/23
  9233 | D:9      | Found an opulent altar of Gozag.
  9233 | D:9      | Found a sparkling altar of Nemelex Xobeh.
  9691 | D:10     | Noticed Erica
  9705 | D:10     | Killed Erica
  9764 | D:10     | Noticed Harold
  9794 | D:10     | Killed Harold
  9801 | D:10     | Noticed a centaur warrior
  9960 | D:10     | Noticed Urug
  9977 | D:10     | Killed Urug
 10132 | D:10     | Noticed a necromancer
 10155 | D:10     | Killed a necromancer
 10279 | D:10     | Reached ***** piety under Sif Muna
 10289 | D:10     | Killed a centaur warrior
 10521 | D:11     | Noticed a two-headed ogre
 10544 | D:11     | Noticed a cyclops
 10579 | D:10     | Killed a cyclops
 10728 | D:11     | Noticed Maurice
 10751 | D:11     | Killed Maurice
 10842 | D:11     | Learned a level 1 spell: Necrotise
 10846 | D:11     | Learned a level 3 spell: Vampiric Draining
 10847 | D:11     | Noticed Snorg
 10958 | D:11     | Reached XP level 12. HP: 91/91 MP: 10/24
 11136 | D:11     | Noticed Josephine
 11406 | D:11     | Received a gift from Sif Muna
 11407 | D:11     | Got Sif Muna's Anthology of Shifting Poison {god gift}
 11416 | D:11     | Killed Josephine
 11430 | D:11     | Killed Snorg
 11694 | D:11     | Killed a two-headed ogre
 11695 | D:11     | Reached skill level 10 in Throwing
 11829 | D:11     | Learned a level 3 spell: Ignite Poison
 11858 | D:12     | Noticed a boulder beetle
 11948 | Lair:1   | Entered Level 1 of the Lair of Beasts
 12550 | D:12     | Found a staircase to the Orcish Mines.
 12642 | D:12     | Noticed a two-headed ogre
 12648 | D:12     | Killed a two-headed ogre
 13143 | D:12     | Found Gonwigh's General Store.
 13386 | D:12     | Reached XP level 13. HP: 99/100 MP: 26/26
 13873 | D:13     | Learned a level 4 spell: Summon Ice Beast
 13921 | D:13     | Reached skill level 10 in Spellcasting
 14006 | D:13     | Found a gate to the Vaults.
 14007 | D:13     | Found the +15 Maxwell's patent armour {-Cast -Tele rElec
                  | Will+ rCorr}
 14088 | D:13     | Received a gift from Sif Muna
 14154 | D:13     | Reached XP level 14. HP: 84/108 MP: 28/28
 14294 | D:13     | Found Tyciletium's Antique Armour Boutique.
 14434 | D:13     | Reached skill level 11 in Throwing
 14434 | D:13     | Reached skill level 10 in Dodging
 14595 | Orc:1    | Entered Level 1 of the Orcish Mines
 14595 | Orc:1    | Found Doffetiz's Weapon Boutique.
 15056 | Orc:2    | Entered Level 2 of the Orcish Mines
 15294 | Orc:2    | Noticed Azrael
 15371 | Orc:1    | Received a gift from Sif Muna
 15415 | Orc:1    | Paralysed by an orc sorcerer for 3 turns
 15926 | D:13     | Reached skill level 10 in Invocations
 16443 | Lair:1   | Noticed Joseph
 16452 | Lair:1   | Killed Joseph
 16846 | Lair:2   | Identified the +1 ring mail of Hefoing {Fly rC+}
 17821 | Orc:1    | Killed Azrael
 17946 | Orc:2    | Received a gift from Sif Muna
 18095 | Orc:2    | Found Wathy's Antique Weapon Shoppe.
 18095 | Orc:2    | Found Eplues's Magic Scroll Emporium.
 18096 | Orc:2    | Found Veluenio's Weapon Emporium.
 18105 | Orc:2    | Found Pimugu's Weapon Shoppe.
 18110 | Orc:2    | Bought a scroll of poison for 68 gold pieces
 18110 | Orc:2    | Bought a scroll of enchant weapon for 127 gold pieces
 18110 | Orc:2    | Bought a scroll of enchant weapon for 127 gold pieces
 18110 | Orc:2    | Bought a scroll of identify for 34 gold pieces
 18126 | Orc:2    | Found a staircase to the Elven Halls.
 18160 | Orc:2    | Reached skill level 10 in Fighting
 18160 | Orc:2    | Reached skill level 10 in Armour
 18553 | Orc:1    | Gained mutation: Your spells are a little harder to cast,
                  | but a little more powerful. [potion of mutation]
 18553 | Orc:1    | Gained mutation: Armour fits poorly on your strangely
                  | shaped body. [potion of mutation]
 18937 | Elf:1    | Entered Level 1 of the Elven Halls
 18937 | Elf:1    | Noticed Agnes
 19878 | D:13     | HP: 3/110 [cyan ugly thing (17)]
 19879 | D:13     | Mangled by a cane toad (shapeshifter)

Illustrated notes

Levels and vault maps discovered:
D:1:      dpeg_arrival_shelter, layout_loops_ring, shapermc_ecumenical_altar_gd
D:2:      layout_basic, chequers_hall_statues_y, minmay_curled_crystal,
          chequers_serial_rivers_micro_d, uniq_sigmund
D:3:      minmay_skewed_foursquare, layout_rooms,
          eat_drink_and_be_merry_uskayaw, gammafunk_temple_overflow_elements,
          uniq_terence
D:4:      layout_gridville, nicolae_ossuary_entry_giza, due_unseen_surprise,
          uniq_eustachio, uniq_menkaure
D:5:      layout_loops_ring
D:6:      layout_loops_cross, mumra_transporter_accident, uniq_maggie,
          uniq_duvessa, uniq_prince_ribbit1
D:7:      layout_basic, minmay_temple_entry_slanted, serial_corexii_hall,
          chequers_hall_statues_corner_a, chequers_hall_statues_y
D:8:      layout_gridville, erik_lair_island
D:9:      layout_loops_cross, grunt_temple_overflow_opulence, corner_web_ring
D:10:     layout_irregular_city, serial_glass, glass_columns_c, glass_columns_a,
          glass_columns_a, glass_columns_c, eino_house_with_fridge, uniq_erica,
          uniq_harold, uniq_urug
D:11:     layout_rooms, gauntlet_entry_generic, serial_corexii_hall,
          corexii_hall_statues_x, corexii_hall_statues_t,
          nicolae_concentric_dashed_squares_wild, uniq_maurice, uniq_snorg,
          uniq_josephine
D:12:     layout_irregular_city, zombieorc1_lemuel, serial_shops,
          nicolae_shop_hallway_plus, nrook_pool_corridor, minmay_misc_feat_five,
          kennysheep_donut
D:13:     minmay_four_partial_circles, layout_loops_ring, david_vaults_4,
          serial_shops, nicolae_shop_hallway_plus, minmay_orc_keep
Lair:1:   layout_hall_layers, uniq_joseph
Lair:2:   layout_regular_city, palyth_hydra_swamp_entry,
          nicolae_spider_entry_tight_spaces
Lair:3:   layout_cave_pods, ebering_ghost_rock_garden, grunt_megastairs_5
Orc:1:    layout_caves, serial_shops, shop, nicolae_orc_flooded_monolith
Orc:2:    st_orc_mages, layout_caves, mines2_david, uniq_azrael
Elf:1:    minmay_elf_arrival_summoners, layout_geoelf_octagon,
          minmay_elf_annihilation, roderic_roman_lattice, uniq_agnes

Skill      XL: |  1  2  3  4  5  6  7  8  9 10 11 12 13 14 |
---------------+-------------------------------------------+-----
Poison Magic   | 2 3 4 5 6 7 8 |  8.4
Spellcasting   | 5 6 7 8 9 10 | 10.9
Fighting       | 3 4 5 6 7 8 9 10 | 10.0
Short Blades   | 1 2 3 4 5 6 7 8 9 |  9.7
Long Blades    | 1 2 3 4 5 6 7 8 9 |  9.7
Axes           | 1 2 3 4 5 6 7 8 9 |  9.7
Maces & Flails | 1 2 3 4 5 6 7 8 9 |  9.7
Polearms       | 1 2 3 4 5 6 7 8 9 |  9.7
Staves         | 1 2 3 4 5 6 7 8 9 |  9.7
Ranged Weapons | 1 2 3 4 5 6 7 8 9 |  9.7
Armour         | 3 4 5 6 7 8 9 10 | 10.0
Stealth        | 1 2 3 4 5 6 7 8 9 |  9.7
Shields        | 1 2 3 4 5 6 7 8 9 |  9.7
Unarmed Combat | 1 2 3 4 5 6 7 8 9 |  9.7
Conjurations   | 1 2 3 4 5 7 8 |  8.1
Hexes          | 1 2 3 4 5 7 8 |  8.1
Summonings     | 1 2 3 4 5 7 8 |  8.1
Necromancy     | 1 2 3 4 5 7 8 |  8.1
Translocations | 1 2 3 4 5 7 8 |  8.1
Transmutations | 1 2 3 4 5 7 8 |  8.1
Fire Magic     | 1 2 3 4 5 7 8 |  8.1
Ice Magic      | 1 2 3 4 5 7 8 |  8.1
Air Magic      | 1 2 3 4 5 7 8 |  8.1
Earth Magic    | 1 2 3 4 5 7 8 |  8.1
Invocations    | 1 2 3 4 5 6 7 9 10 | 10.5
Evocations     | 1 2 3 4 5 6 7 8 9 |  9.7
Dodging        | 5 6 7 8 9 10 | 10.7
Throwing       | 7 8 9 10 11 | 11.6

Action                     |  1- 3 |  4- 6 |  7- 9 | 10-12 | 13-15 || total
---------------------------+-------+-------+-------+-------+-------++-------
  Melee: Dagger            |    40 |    90 |   291 |     1 |       ||   422
         Bite              |     5 |     4 |    33 |    49 |    65 ||   156
         Punch             |       |     1 |    14 |    16 |    25 ||    56
         Unarmed           |       |       |    13 |       |       ||    13
         Lance             |       |       |       |   471 |    49 ||   520
         Scimitar          |       |       |       |       |   413 ||   413
  Throw: Stone             |     3 |    11 |       |    22 |       ||    36
         Dart              |     1 |     1 |    31 |    15 |    48 ||    96
         Boomerang         |       |       |       |     4 |     2 ||     6
         Throwing net      |       |       |       |       |     3 ||     3
   Cast: Sting             |    23 |    50 |    98 |    27 |     5 ||   203
         Scorch            |       |     4 |    25 |     2 |     1 ||    32
         Mephitic Cloud    |       |       |    23 |    40 |    52 ||   115
         Call Canine Famil |       |       |     3 |    18 |     8 ||    29
         Tukima's Dance    |       |       |     1 |       |     1 ||     2
         Stone Arrow       |       |       |       |    35 |    20 ||    55
         Ignite Poison     |       |       |       |     6 |    44 ||    50
         Necrotise         |       |       |       |     2 |     9 ||    11
         Summon Ice Beast  |       |       |       |       |    17 ||    17
         Vampiric Draining |       |       |       |       |     5 ||     5
         Frozen Ramparts   |       |       |       |       |     3 ||     3
  Evoke: Wand              |       |     2 |     6 |    14 |     3 ||    25
    Use: Scroll            |       |     9 |    10 |    12 |    18 ||    49
         Potion            |       |     1 |     2 |     7 |     9 ||    19
   Stab: Sleeping          |     2 |     4 |     4 |    15 |     3 ||    28
         Confused          |       |       |    10 |    11 |     9 ||    30
         Distracted        |       |       |       |     6 |     1 ||     7
         Invisible         |       |       |       |     4 |       ||     4
 Armour: Robe              |    12 |    13 |    44 |    79 |       ||   148
         Troll leather arm |       |       |       |    17 |   161 ||   178
  Dodge: Dodged            |    32 |    78 |   205 |   540 |   616 ||  1471
         Repelled          |       |       |       |     5 |     6 ||    11
